 Seeded DCSS version 0.30.1-11-g7821555f0a (webtiles) character file.

Game seed: 430007637681659361 (custom seed)

58 strifetoe the Chopper (level 4, -1/28 HPs)
             Began as a Gargoyle Fighter on Nov 9, 2023.
             Killed from afar by Terence (12 damage)
             ... with a puff of flame
             ... on level 2 of the Dungeon.
             The game lasted 00:00:59 (864 turns).

strifetoe the Chopper (Gargoyle Fighter)             Turns: 864, Time: 00:00:59

Health: -1/28      AC: 11    Str: 21    XL:     4   Next: 1%
Magic:  4/4        EV:  9    Int:  9    God:
Gold:   50         SH:  4    Dex:  9    Spells: 3/3 levels left

rFire   . . .        g - +3 war axe
rCold   . . .        c - +0 buckler
rNeg    + . .        b - +0 scale mail
rPois   ∞            o - +0 helmet
rElec   +            (no cloak)
rCorr   .            (no gloves)
SInv    .            (no boots)
Will    .....        (no amulet) Stlth
                     (no ring)
HPRegen 0.24/turn    (no ring)
MPRegen 0.09/turn

%: no passive effects
@: no status effects
A: sickness immunity, AC +3, negative energy resistance 1, electricity
resistance, torment resistance 1, petrification resistance
a: no special abilities


You were on level 2 of the Dungeon.
You visited 1 branch of the dungeon, and saw 2 of its levels.

You collected 50 gold pieces.

Inventory:

Hand Weapons
 a - a +0 war axe
 g - a +3 war axe (weapon)
Armour
 b - a +0 scale mail (worn)
 c - a +0 buckler (worn)
 o - a +0 helmet (worn)
Jewellery
 k - a ring of flight
Scrolls
 e - 2 scrolls of noise {unknown}
 f - a scroll of vulnerability {unknown}
 i - a scroll of identify {unknown}
 j - a scroll of brand weapon {unknown}
 m - a scroll of fear {unknown}
 p - 3 scrolls of acquirement {unknown}
Potions
 d - a potion of might
 h - a potion of curing {unknown}
 l - a potion of cancellation {unknown}
 n - a potion of ambrosia {unknown}


   Skills:
 - Level 3.2 Fighting
 + Level 3.8 Axes
 - Level 3.2 Armour
 - Level 3.2 Shields


You had 3 spell levels left.
You didn't know any spells.
Your spell library contained the following spells:

 Spells                   Type           Power      Damage    Failure   Level
 Sandblast                Erth           0%         2d4       80%         1
 Passwall                 Tmut/Erth      0%         N/A       90%         2
 Stone Arrow              Conj/Erth      0%         3d7       99%         3


Dungeon Overview and Level Annotations

Branches:
Dungeon (2/15)

Altars:

Annotations:
D:2 Terence


Innate Abilities, Weirdness & Mutations

You are immune to sickness and miasma.
Your stone body is resilient. (AC +3)
You are immune to poison.
You resist negative energy. (rN+)
You are resistant to electric shocks. (rElec)
You are resistant to unholy torment.
You are immune to petrification.


Message History

There is a stone staircase leading down here.
Terence and an adder come into view.
Terence is wielding a +0 hand axe of electrocution and carrying a wand of flame (26).
Terence shouts!
The adder hisses angrily.
Terence zaps a wand.
The puff of flame hits you.
Found a helmet.
You see here 5 stones.
Found a stone.
Terence zaps a wand.
The puff of flame misses you.
You closely miss the adder. The adder misses you. The adder closely misses you.
You slash the adder!
The adder is almost dead.
A rat comes into view.
The adder bites you. Terence shouts, "Now you die!"
The adder closely misses you.
You completely miss the adder.
The adder is almost dead.
The adder closely misses you.
Terence zaps a wand.
The puff of flame hits you.
You slash the adder!
You kill the adder!
Terence asks, "Do you want it fast or slow?"
You have reached level 4!
You feel clever.
Sorry, you're not good enough to have a special ability.
You slash Terence!
Terence is moderately wounded.
Terence zaps a wand.
The puff of flame hits you.
Terence zaps a wand.
The puff of flame hits you.
A ball python comes into view.
Unknown command.
The ball python hisses angrily.
You hit Terence.
Terence is heavily wounded.
Terence zaps a wand.
The puff of flame hits you but does no damage.
Unknown command.
You hit Terence but do no damage.
Terence is heavily wounded.
You barely miss the rat.
Terence zaps a wand.
The puff of flame hits you!
You die...

####
#####..##
#.....>.#
#####.#####.#
##....<# #.#
####..#####
#.# ##....##
#.# ...####
#(### ####
#@@.# #.†r..#
#..........
#...........
#...........
#........S..
#...[.......
#(..........


You could see Terence, a ball python and a rat.

Vanquished Creatures
  2 adders (D:2)
  A dart slug (D:1)
  2 endoplasms
  4 giant cockroaches
  2 goblins (D:1)
  5 hobgoblins
  2 quokkas (D:1)
  7 ball pythons
  6 bats (D:1)
  A frilled lizard (D:1)
  A kobold (D:1)
  4 rats (D:1)
37 creatures vanquished.

Notes
Turn   | Place    | Note
-------+----------+-------------------------------------------
     0 | D:1      | strifetoe the Gargoyle Fighter began the quest for the Orb.
     0 | D:1      | Reached XP level 1. HP: 14/14 MP: 1/1
   153 | D:1      | Reached XP level 2. HP: 12/19 MP: 2/2
   529 | D:1      | Reached XP level 3. HP: 23/23 MP: 3/3
   855 | D:2      | Noticed Terence
   862 | D:2      | Reached XP level 4. HP: 16/28 MP: 4/4
   864 | D:2      | Killed from afar by Terence

Illustrated notes

Levels and vault maps discovered:
D:1:      wander_arrival_chamber, layout_basic, kennysheep_boxes
D:2:      layout_rooms, dilly_ecumenical_altar_fadedgnrine, basic_altar,
          uniq_terence

Skill      XL: |  1  2 |
---------------+-------+-----
Axes           | 2 3 |  3.8
Fighting       | |  3.2
Armour         | |  3.2
Shields        | |  3.2

Action                     |  1- 3 |  4- 6 || total
---------------------------+-------+-------++-------
  Melee: War axe           |    92 |     3 ||    95
 Armour: Scale mail        |    46 |     1 ||    47
  Dodge: Dodged            |    45 |       ||    45
  Block: Buckler           |    13 |       ||    13
